 Dungeon Crawl Stone Soup version 0.26.1-2-gb8aa6d0cf2 (webtiles) character file.

Game seed: 11899775970690767516

1585 kylecrane the Insei (level 8, -6/37 HPs)
             Began as a Vine Stalker Transmuter on Feb 21, 2021.
             Was a Follower of Ashenzari.
             Killed from afar by Harold (13 damage)
             ... with a harpoon shot
             ... on level 7 of the Dungeon.
             The game lasted 00:13:12 (7276 turns).

kylecrane the Insei (Vine Stalker Transmuter)       Turns: 7276, Time: 00:13:12

Health: -6/37      AC:  2    Str: 14    XL:     8   Next: 92%
Magic:  0/12       EV: 19    Int: 15    God:    Ashenzari [*.....]
Gold:   307        SH:  0    Dex: 19    Spells: 1/11 levels left

rFire    . . .     SeeInvis +     - Unarmed
rCold    . . .     Faith    .   (shield currently unavailable)
rNeg     . . .     Spirit   +   (armour currently unavailable)
rPois    x         Reflect  .   (helmet currently unavailable)
rElec    .         Harm     .   (cloak currently unavailable)
rCorr    .         Rampage  .   (gloves currently unavailable)
Will     +....                  (boots currently unavailable)
Stlth    ++........             (no amulet)
HPRegen  0.52/turn              q - ring of see invisible (curse)
MPRegen  0.13/turn              (no ring)

@: spider-form
A: tiny, regeneration 1, magic shield, no potion heal 3
a: End Transformation, Renounce Religion, Curse Item, Scrying


You were on level 7 of the Dungeon.
You worshipped Ashenzari.
Ashenzari was aware of your devotion.
You were a venomous arachnid creature.
You visited 2 branches of the dungeon, and saw 8 of its levels.

You collected 307 gold pieces.

Inventory:

Hand Weapons
 y - a +1 short sword of electrocution
Missiles
 t - 4 javelins
Armour
 a - a +0 robe (melded)
 j - a cursed +1 buckler (melded)
 l - a +0 pair of gloves (melded)
 w - a +0 cloak (melded)
Jewellery
 q - a cursed ring of see invisible (left front leg)
Wands
 u - a wand of random effects (25)
 x - a wand of flame (35)
Scrolls
 d - a scroll of magic mapping {unknown}
 e - a scroll of blinking {unknown}
 f - 5 scrolls of identify {unknown}
 g - 2 scrolls of amnesia {unknown}
 i - 5 scrolls of remove curse
 m - a scroll of enchant weapon {unknown}
 n - 2 scrolls of teleportation
 o - a scroll of fear {unknown}
 r - 2 scrolls of immolation
Potions
 b - 4 potions of curing {unknown}
 c - 2 potions of degeneration {unknown}
 h - 2 potions of heal wounds
 k - 3 potions of might {unknown}
 p - a potion of flight {unknown}
 v - a potion of ambrosia {unknown}
 z - 2 potions of attraction {unknown}
 A - a potion of brilliance {unknown}
 C - a potion of magic {unknown}


   Skills:
 * Level 1.2 Fighting
 + Level 1.6 Dodging
 - Level 4.0 Shields
 + Level 7.7 Unarmed Combat
 - Level 2.1 Spellcasting
 + Level 5.6 Transmutations
 + Level 3.1 Ice Magic
 - Level 2.0 Poison Magic


You had one spell level left.
You knew the following spells:

 Your Spells              Type           Power        Failure   Level
a - Beastly Appendage     Tmut           36%          9%          1
b - Wereblood             Tmut           18%          11%         2
c - Spider Form           Tmut/Pois      6%           32%         3
d - Ice Form              Ice/Tmut       14%          56%         4

Your spell library contained the following spells:

 Spells                   Type           Power        Failure   Level
 Blade Hands              Tmut           9%           73%         5


Dungeon Overview and Level Annotations

Branches:
Dungeon (7/15)             Temple (1/1) D:6

Altars:
Ashenzari
Cheibriados
Dithmenos
Elyvilon
Fedhas
Gozag
Hepliaklqana
Kikubaaqudgha
Makhleb
Nemelex Xobeh
Okawaru
Qazlal
Ru
Sif Muna
Trog
Uskayaw
Vehumet
Wu Jian
Xom
Yredelemnul
Zin
The Shining One

Annotations:
D:4 2 runed translucent doors, sraybest's ghost, amateur GnWn
D:7 Harold


Innate Abilities, Weirdness & Mutations

((You have razor-sharp teeth.))
Your natural rate of healing is unusually fast.
When hurt, damage is shared between your health and your magic reserves.
((Your bite disrupts and absorbs the magic of your enemies.))
Potions cannot restore your health.


Message History

Okay, then.
You hit Harold but do no damage.
Harold is poisoned.
Harold misses you.
You hit Harold.
Harold looks as sick as possible!
Harold is lightly wounded.
You hit Harold.
Harold looks as sick as possible!
Harold is lightly wounded.
Harold closely misses you.
You hit Harold.
Harold looks as sick as possible!
Harold is lightly wounded.
Harold hits you with a +0 mace!
* * * LOW HITPOINT WARNING * * *
You hit Harold.
Harold is moderately wounded.
Harold throws a throwing net.
The throwing net completely misses you.
You see here a throwing net.
Harold throws a throwing net.
The throwing net closely misses you.
You see here a throwing net.
Harold fires a harpoon shot at you. The harpoon shot hits you!
You die...

#.##+#.# #......#
.......
#......######....../
#..................#
#...)..............#
#....)..............
+...))..............
#.....#######.......
#.......s.((@.......
#.....######.#.#####
#........# #.# #
#.##.....# #.# #.
#.....# #.# #
#.....# #.# #######
#.# #.# ∩


You could see Harold (extremely poisoned).

Vanquished Creatures
  Sigmund (D:4)
  An orc warrior (D:6)
  An ice beast (D:5)
  An ogre (D:4)
  2 centaurs
  2 bullfrogs (D:6)
  A water moccasin skeleton (D:6)
  4 wights
  A howler monkey (D:6)
  A bullfrog skeleton (D:5)
  A jelly (D:5)
  3 orc wizards
  Crazy Yiuf (D:4)
  3 orc priests
  Ijyb (D:4)
  An iguana (D:5)
  2 worker ants (D:4)
  A hound zombie (D:6)
  A hound skeleton (D:5)
  5 adders
  A howler monkey skeleton (D:4)
  A shadow imp (D:5)
  An ufetubus (D:5)
  An ooze (D:6)
  2 adder skeletons
  3 adder zombies
  3 worms
  2 dart slugs
  5 leopard geckos
  19 orcs
  A ball python (D:4)
  2 giant cockroaches
  8 goblins
  12 hobgoblins
  9 bats
  4 frilled lizards
  9 kobolds
  6 rats
123 creatures vanquished.

Notes
Turn   | Place    | Note
-------+----------+-------------------------------------------
     0 | D:1      | kylecrane the Vine Stalker Transmuter began the quest for
                  | the Orb.
     0 | D:1      | Reached XP level 1. HP: 9/9 MP: 4/4
   229 | D:1      | Reached XP level 2. HP: 14/14 MP: 3/6
  1177 | D:2      | Reached XP level 3. HP: 17/17 MP: 5/7
  1222 | D:2      | Learned a level 2 spell: Wereblood
  1226 | D:2      | Learned a level 3 spell: Spider Form
  1485 | D:2      | Reached skill level 4 in Unarmed Combat
  2546 | D:3      | Gained mutation: Your natural rate of healing is unusually
                  | fast. [Vine Stalker growth]
  2546 | D:3      | Reached XP level 4. HP: 15/21 MP: 5/8
  2624 | D:3      | Found a broken altar of Ashenzari.
  2645 | D:3      | Became a worshipper of Ashenzari the Shackled
  3057 | D:3      | Reached skill level 1 in Poison Magic
  3115 | D:3      | Reached skill level 1 in Shields
  3417 | D:4      | Noticed Sigmund
  3425 | D:4      | Killed Sigmund
  3426 | D:4      | Reached skill level 5 in Unarmed Combat
  3426 | D:4      | Reached XP level 5. HP: 25/25 MP: 5/9
  3426 | D:4      | Reached XP level 6. HP: 29/29 MP: 5/10
  3574 | D:4      | Noticed Ijyb
  3598 | D:4      | Killed Ijyb
  3744 | D:4      | Reached XP level 7. HP: 22/32 MP: 8/11
  4065 | D:4      | Found a large runed translucent door.
  4065 | D:4      | Found a large runed translucent door.
  4129 | D:4      | Found a runed translucent door.
  4130 | D:4      | Noticed Crazy Yiuf
  4179 | D:4      | Noticed sraybest's ghost (amateur GnWn)
  4414 | D:4      | Killed Crazy Yiuf
  4549 | D:5      | Entered Level 5 of the Dungeon
  4836 | D:5      | Reached skill level 6 in Unarmed Combat
  5067 | D:5      | Reached * piety under Ashenzari
  5300 | D:5      | Gained mutation: You have razor-sharp teeth. [Vine Stalker
                  | growth]
  5300 | D:5      | Reached XP level 8. HP: 24/37 MP: 6/12
  5348 | D:5      | Learned a level 4 spell: Ice Form
  6027 | D:6      | Reached skill level 1 in Ice Magic
  6030 | D:6      | Reached skill level 7 in Unarmed Combat
  6149 | D:6      | Found a staircase to the Ecumenical Temple.
  6189 | Temple   | Entered the Ecumenical Temple
  6414 | D:6      | Reached skill level 5 in Transmutations
  7223 | D:7      | Reached skill level 1 in Fighting
  7261 | D:7      | Noticed Harold
  7276 | D:7      | Killed from afar by Harold

Illustrated notes

Levels and vault maps discovered:
D:1:      nzn_arrival_depleted_hourglass, layout_loops_ring, st_stairs_9
D:2:      layout_basic, kennysheep_minor_cross, minmay_ruptured
D:3:      layout_basic, ashenzari_altar_1
D:4:      layout_cave_pods, ebering_ghost_disaster_area, uniq_sigmund,
          uniq_ijyb, uniq_crazy_yiuf_cottage
D:5:      layout_basic
D:6:      layout_loops_corners, minmay_temple_entry_wispy
D:7:      layout_basic, enter_ossuary_5, serial_shops, nicolae_shop_statue_plus,
          uniq_harold
Temple:   compressed_dpeg_circular_temple

Skill      XL: |  1  2  3  4  5  6  7  8 |
---------------+-------------------------+-----
Unarmed Combat | 4 5 6 7 |  7.7
Poison Magic   | 1 2 |  2.0
Shields        | 1 2 3 4 |  4.0
Transmutations | 3 4 5 |  5.6
Ice Magic      | 3 |  3.1
Fighting       | 1 |  1.2
Dodging        | |  1.6
Spellcasting   | |  2.1

Action                   |  1- 3 |  4- 6 |  7- 9 || total
-------------------------+-------+-------+-------++-------
Melee: Unarmed           |   102 |   102 |   198 ||   402
       Kick              |    24 |    13 |    28 ||    65
       Headbutt          |    14 |    11 |    21 ||    46
       Bite              |    11 |    19 |    27 ||    57
       Punch             |     1 |     1 |       ||     2
 Cast: Beastly Appendage |    35 |    18 |    18 ||    71
       Spider Form       |       |     3 |     9 ||    12
       Wereblood         |       |       |     1 ||     1
Invok: Curse Item        |       |     1 |     1 ||     2
  Use: Scroll            |       |       |     4 ||     4
 Stab: Sleeping          |     2 |       |     1 ||     3
Armor: Robe              |    19 |     9 |    14 ||    42
       Skin              |       |       |     3 ||     3
Dodge: Dodged            |    66 |    51 |   113 ||   230
Block: Buckler           |       |     9 |    17 ||    26
